 Dungeon Crawl Stone Soup version 0.30-a0-557-ge2afbf3030 (webtiles) character file.

Game seed: 10277103564902354590

54622 greasedhog the Blocker (level 14, -5/114 HPs)
             Began as a Gnoll Fighter on Dec 28, 2022.
             Was a High Priest of Okawaru.
             Slain by an ogre
             ... wielding a +0 giant club
              (14 damage)
             ... on level 1 of the Orcish Mines.
             The game lasted 00:36:26 (21160 turns).

greasedhog the Blocker (Gnoll Fighter)             Turns: 21160, Time: 00:36:27

Health: -5/114     AC: 27    Str: 23    XL:     14   Next: 73%
Magic:  26/27      EV: 10    Int:  9    God:    Okawaru [*****.]
Gold:   1519       SH: 12    Dex: 12    Spells: 27/32 levels left

rFire   . . .      SeeInvis .    N - +10 whip "Giantslayer" {heavy, Fly rElec}
rCold   . . .      Faith    .    c - +0 buckler
rNeg    . . .      Spirit   .    S - +8 plate armour "Zueh" {Will+ Str+4 Stlth+}
rPois   .          Reflect  +    x - +0 helmet
rElec   +          Harm     .    H - +0 cloak
rCorr   +          Rampage  .    (no gloves)
Will    ++...                    b - +0 pair of boots
Stlth   +                        g - amulet of reflection
HPRegen 0.39/turn                o - ring of resist corrosion
MPRegen 0.20/turn                y - +4 ring of slaying

@: flying
A: fangs 1, strong nose, distributed training
a: Renounce Religion, Heroism, Finesse, Duel


You were on level 1 of the Orcish Mines.
You worshipped Okawaru.
Okawaru was extremely pleased with you.
You visited 4 branches of the dungeon, and saw 18 of its levels.
You visited the Abyss 1 time.

You collected 1759 gold pieces.
You spent 240 gold pieces at shops.

Inventory:

Hand Weapons
 r - a +1 antimagic trident
 w - a +1 flail of holy wrath
 N - the +10 whip "Giantslayer" (weapon) {heavy, Fly rElec}
   (You found it on level 10 of the Dungeon)

   It deals dramatically more damage, but attacks with it are much slower.
   rElec:     It insulates you from electricity.
   Fly:       It grants you flight.
 Q - the +5 bardiche of the Mashing Gods {freeze, Will+++ Dex+3}
   (You found it on level 2 of the Lair of Beasts)

   It freezes those it strikes, dealing additional cold damage.
   It can also slow down cold-blooded creatures.
   Dex:       It affects your dexterity (+3).
   Will:      It greatly increases your willpower.
Missiles
 h - a boomerang
 z - 3 javelins
 A - 5 silver javelins (quivered)
Armour
 b - a +0 pair of boots (worn)
 c - a +0 buckler (worn)
 x - a +0 helmet (worn)
 H - a +0 cloak (worn)
 S - the +8 plate armour "Zueh" (worn) {Will+ Str+4 Stlth+}
   (You found it on level 4 of the Lair of Beasts)

   Str:       It affects your strength (+4).
   Will:      It increases your willpower.
   Stlth:     It makes you more stealthy.
Jewellery
 g - an amulet of reflection (around neck)
 j - a ring of wizardry
 o - a ring of resist corrosion (left hand)
 y - a +4 ring of slaying (right hand)
 R - a +4 ring of evasion
 T - a ring of wizardry
Wands
 k - a wand of flame (53)
 B - a wand of polymorph (13)
 O - a wand of paralysis (5)
Scrolls
 e - 3 scrolls of teleportation
 i - 4 scrolls of blinking
 m - 2 scrolls of magic mapping
 n - 6 scrolls of enchant armour {unknown}
 q - 2 scrolls of noise {unknown}
 t - 3 scrolls of poison
 C - 2 scrolls of amnesia {unknown}
 F - 2 scrolls of immolation
 L - 4 scrolls of fog
 P - 2 scrolls of enchant weapon
Potions
 a - 2 potions of brilliance
 d - 8 potions of might
 f - 3 potions of mutation
 l - 7 potions of curing
 p - a potion of cancellation {unknown}
 s - a potion of invisibility {unknown}
 u - a potion of haste {unknown}
 v - 4 potions of degeneration {unknown}
 D - 3 potions of ambrosia {unknown}
 G - a potion of resistance
 I - 3 potions of flight {unknown}
 J - a potion of magic {unknown}
 K - 2 potions of attraction {unknown}
 M - 3 potions of lignification {unknown}


   Skills:
 + Level 11.7 Fighting
 + Level 9.8 Short Blades
 + Level 9.8 Long Blades
 + Level 9.8 Axes
 + Level 10.8 Maces & Flails
 + Level 9.8 Polearms
 + Level 9.8 Staves
 + Level 9.8 Ranged Weapons
 + Level 9.8 Throwing
 + Level 11.7 Armour
 + Level 9.8 Dodging
 + Level 9.8 Stealth
 + Level 11.7 Shields
 + Level 9.8 Unarmed Combat
 + Level 9.8 Spellcasting
 + Level 8.2 Conjurations
 + Level 8.2 Hexes
 + Level 8.2 Summonings
 + Level 8.2 Necromancy
 + Level 8.2 Translocations
 + Level 8.2 Transmutations
 + Level 8.2 Fire Magic
 + Level 8.2 Ice Magic
 + Level 8.2 Air Magic
 + Level 8.2 Earth Magic
 + Level 8.2 Poison Magic
 + Level 10.7 Invocations
 + Level 9.8 Evocations


You had 27 spell levels left.
You knew the following spells:

 Your Spells              Type           Power      Damage    Failure   Level
a - Slow                  Hex            76%        N/A       7%          1
b - Confusing Touch       Hex            19%        N/A       21%         3
c - Apportation           Tloc           38%        N/A       7%          1

Your spell library contained the following spells:

 Spells                   Type           Power      Damage    Failure   Level
 Freeze                   Ice            76%        1d8       7%          1
 Magic Dart               Conj           76%        1d6       7%          1
 Shock                    Conj/Air       76%        1d7       7%          1
 Gell's Gravitas          Tloc           19%        N/A       21%         3
 Hailstorm                Conj/Ice       19%        3d6       21%         3
 Lesser Beckoning         Tloc           38%        N/A       21%         3
 Mephitic Cloud           Conj/Pois/Air  19%        N/A       21%         3
 Portal Projectile        Hex/Tloc       38%        N/A       21%         3
 Swiftness                Air            19%        N/A       21%         3
 Teleport Other           Tloc           19%        N/A       21%         3
 Vampiric Draining        Necr           19%        2d7       21%         3
 Airstrike                Air            9%         2d(2-18)  54%         4
 Alistair's Intoxication  Tmut/Pois      12%        N/A       88%         5
 Blade Hands              Tmut           9%         N/A       88%         5
 Lightning Bolt           Conj/Air       9%         1d22      88%         5
 Eringya's Noxious Bog    Tmut/Pois      9%         N/A       100%        6
 Iron Shot                Conj/Erth      9%         9d3       100%        6
 Polar Vortex             Ice            9%         N/A       100%        9
 Call Imp                 Summ           Unusable   N/A       N/A         2
 Tukima's Dance           Hex            Unusable   N/A       N/A         3
 Summon Lightning Spire   Summ/Air       Unusable   N/A       N/A         4
 Summon Forest            Summ/Tloc      Unusable   N/A       N/A         5
 Summon Hydra             Summ           Unusable   N/A       N/A         7

Dungeon Overview and Level Annotations

Branches:
Dungeon (10/15)            Temple (1/1) D:7            Lair (5/5) D:10
 Shoals (0/4) Lair:2       Spider (0/4) Lair:2        Slime (0/5) Lair:4
    Orc (2/2) D:10
    Elf: Orc:2

Altars:
Ashenzari
Cheibriados
Dithmenos
Elyvilon
Fedhas
Gozag
Hepliaklqana
Kikubaaqudgha
Makhleb
Nemelex Xobeh
Okawaru
Qazlal
Ru
Sif Muna
Trog
Uskayaw
Vehumet
Wu Jian
Xom
Yredelemnul
Zin
The Shining One

Shops:
D:7 (   Orc:1 ?   Orc:2 *

Annotations:
Orc:1 3 runed translucent doors, Peyreg's ghost, journeyman HOFi


Innate Abilities, Weirdness & Mutations

You have very sharp teeth.
Your uncanny sense of smell can sniff out nearby items.
Your experience applies equally to all skills.


Message History

The troll leather armour is intact enough to wear.
Things that are here:
a +0 troll leather armour; a deep troll corpse You start resting.
The spectator mumbles to another spectator.
The spectator waves a pennant, rooting for your enemy!
Okawaru bids you farewell from the Arena.
You start resting.
The spectator cheers noisily.
You are returned from the Arena.
Welcome back to the Orcish Mines!
Level annotation: 3 runed translucent doors, Peyreg's ghost, journeyman HOFi You block the orc's attack.
The orc warrior hits you with a +0 long sword of electrocution.
There is a stone staircase leading down, spattered with blood here.
You closely miss the orc warrior. You bite the orc warrior.
The orc warrior is lightly wounded.
The ogre hits you with a +0 giant club.
You thrash the orc warrior!!
The orc warrior is almost dead.
You block the two-headed ogre's attack. The two-headed ogre barely misses you.
You block the ogre's attack. The orc hits you but does no damage.
The ogre barely misses you. You block the orc warrior's attack.
You whack the ogre!
The ogre is severely wounded.
The orc hits you but does no damage. The orc warrior barely misses you.
The ogre hits you with a +0 giant club.
The two-headed ogre hits you but does no damage.
The two-headed ogre hits you with a +0 giant spiked club.
* * * LOW HITPOINT WARNING * * *
You block the ogre's attack. The ogre hits you but does no damage.
You whack the ogre!
You kill the ogre!
Okawaru accepts your kill. You block the orc's attack.
You block the orc warrior's attack.
You thrash the two-headed ogre!!
The two-headed ogre is moderately wounded.
The two-headed ogre hits you with a +0 giant club!!
* * * LOW HITPOINT WARNING * * *
You block the two-headed ogre's attack. The ogre hits you with a +0 giant club!
You die...

##.....###.#..#...## ###
#.....##......#.#.###.##
##.[..##...............##
#.....##.......#.......#
####.....##.......#...#.##
#.#................#.#.##
........................#####
...............O.).....#.##.##
.#.#...........o@o...........#
####...........OO[...........#
###....................#...#
###.##[.................###.##
#....[[...................###
....[#.#...................##
....###..........#........#.####
.............................#.##
.##.................##..........#


You could see a two-headed ogre, an orc warrior, 2 ogres and an orc.

Vanquished Creatures
  Kirke (Lair:4)
  A very ugly thing (Abyss:2)
  A fire dragon (Lair:5)
  3 hydras
  Erolcha (Orc:1)
  A catoblepas (Lair:4)
  8 two-headed ogres
  Erica (Orc:1)
  A death yak (Lair:4)
  A thrashing horror (Abyss:2)
  2 lindwurms (Lair:5)
  2 deep trolls
  Pikel (D:8)
  An orc sorcerer (Orc:1)
  A manticore (D:7)
  An oklob plant (Lair:3)
  Maurice (D:8)
  14 elephants
  20 cane toads
  2 black mambas
  5 torpor snails (Lair:5)
  An unseen horror (D:7)
  Maggie (D:9)
  7 komodo dragons
  2 polar bears (Lair:4)
  Prince Ribbit (D:7)
  3 tyrant leeches (Lair:5)
  5 trolls
  7 hornets (Lair:5)
  11 dream sheep
  12 blink frogs
  A wandering mushroom (Lair:2)
  6 culicivoras (Lair:2)
  2 jumping spiders (Lair:2)
  A shadow (D:10)
  24 yaks
  2 wyverns
  4 hogs (Lair:4)
  A fire bat (Lair:1)
  2 steam dragons (D:9)
  2 basilisks (Lair:1)
  A redback (Lair:2)
  An acid dragon (D:6)
  12 water moccasins
  2 hell hounds (Lair:5)
  4 ice beasts
  13 orc warriors
  3 sky beasts
  4 black bears
  5 centaurs
  12 ogres
  6 wolves (Lair:4)
  A lemure (D:8)
  5 kobold brigands
  10 bullfrogs
  Blork the orc (D:5)
  4 scorpions
  4 gnoll sergeants
  2 wights
  6 killer bees
  A howler monkey (D:6)
  A gnoll bouda (D:8)
  6 jellies
  11 orc priests
  11 hounds
  Jessica (D:3)
  Ijyb (D:5)
  Terence (D:2)
  3 iguanas
  23 orc wizards
  20 gnolls
  12 adders
  A shadow imp (D:7)
  A white imp (D:6)
  2 worms
  4 dart slugs
  61 orcs
  11 bats
  16 endoplasms
  A giant cockroach (D:4)
  8 goblins
  5 hobgoblins
  4 jackals (D:1)
  6 quokkas
  10 ball pythons
  4 frilled lizards
  15 kobolds
  5 rats
  A bush (Lair:2)
506 creatures vanquished.

Vanquished Creatures (others)
  31 fungi
  70 plants
101 creatures vanquished.

Grand Total: 607 creatures vanquished

Notes
Turn   | Place    | Note
-------+----------+-------------------------------------------
     0 | D:1      | greasedhog the Gnoll Fighter began the quest for the Orb.
     0 | D:1      | Reached XP level 1. HP: 23/23 MP: 1/1
     4 | D:1      | Got the Anthology of the Dusty Chill
    72 | D:1      | Reached XP level 2. HP: 28/29 MP: 2/2
   333 | D:1      | Reached XP level 3. HP: 35/35 MP: 3/3
   475 | D:1      | Reached skill level 1 in Invocations
   767 | D:2      | Reached skill level 1 in Short Blades
   767 | D:2      | Reached skill level 1 in Long Blades
   767 | D:2      | Reached skill level 1 in Axes
   767 | D:2      | Reached skill level 1 in Polearms
   767 | D:2      | Reached skill level 1 in Staves
   767 | D:2      | Reached skill level 1 in Ranged Weapons
   767 | D:2      | Reached skill level 1 in Throwing
   767 | D:2      | Reached skill level 1 in Dodging
   767 | D:2      | Reached skill level 1 in Stealth
   767 | D:2      | Reached skill level 1 in Unarmed Combat
   767 | D:2      | Reached skill level 1 in Spellcasting
   767 | D:2      | Reached skill level 1 in Evocations
   853 | D:2      | Found an ornate altar of the Wu Jian Council.
   856 | D:2      | Reached XP level 4. HP: 39/41 MP: 5/5
   936 | D:2      | Identified the +1 robe of the Catamount {rN+ Will+}
  1078 | D:2      | Reached skill level 1 in Conjurations
  1078 | D:2      | Reached skill level 1 in Hexes
  1078 | D:2      | Reached skill level 1 in Summonings
  1078 | D:2      | Reached skill level 1 in Necromancy
  1078 | D:2      | Reached skill level 1 in Translocations
  1078 | D:2      | Reached skill level 1 in Transmutations
  1078 | D:2      | Reached skill level 1 in Fire Magic
  1078 | D:2      | Reached skill level 1 in Ice Magic
  1078 | D:2      | Reached skill level 1 in Air Magic
  1078 | D:2      | Reached skill level 1 in Earth Magic
  1078 | D:2      | Reached skill level 1 in Poison Magic
  1343 | D:3      | Noticed Terence
  1451 | D:2      | Killed Terence
  1452 | D:2      | Reached XP level 5. HP: 35/47 MP: 5/7
  1671 | D:3      | Found an ornate altar of the Wu Jian Council.
  1740 | D:3      | Found a broken altar of Ashenzari.
  1935 | D:3      | Noticed Jessica
  1975 | D:3      | Killed Jessica
  2224 | D:3      | Reached XP level 6. HP: 53/53 MP: 8/8
  2529 | D:4      | Reached skill level 5 in Maces & Flails
  3205 | D:4      | Reached XP level 7. HP: 59/60 MP: 10/10
  3533 | D:5      | Entered Level 5 of the Dungeon
  3533 | D:5      | Noticed Blork the orc
  3978 | D:5      | Killed Blork the orc
  3979 | D:5      | Reached XP level 8. HP: 66/67 MP: 12/12
  4150 | D:5      | Identified the +5 spear of Abuse {protect, Drain rElec rC+
                  | rN+}
  4718 | D:5      | Noticed Ijyb
  4742 | D:5      | Killed Ijyb
  5591 | D:6      | Identified the +9 rapier of Oqeozaur {drain, rC- rN+ Str+3}
  5833 | D:6      | Found an opulent altar of Gozag.
  5884 | D:6      | Reached XP level 9. HP: 73/73 MP: 14/14
  6091 | D:6      | Identified the +6 sling of the Sage {freeze, Fly Dex+2}
  6382 | D:6      | Reached skill level 5 in Invocations
  6447 | D:7      | Noticed a manticore
  6668 | D:7      | Killed a manticore
  6669 | D:7      | Reached skill level 5 in Short Blades
  6669 | D:7      | Reached skill level 5 in Long Blades
  6669 | D:7      | Reached skill level 5 in Axes
  6669 | D:7      | Reached skill level 5 in Polearms
  6669 | D:7      | Reached skill level 5 in Staves
  6669 | D:7      | Reached skill level 5 in Ranged Weapons
  6669 | D:7      | Reached skill level 5 in Throwing
  6669 | D:7      | Reached skill level 5 in Dodging
  6669 | D:7      | Reached skill level 5 in Stealth
  6669 | D:7      | Reached skill level 5 in Unarmed Combat
  6669 | D:7      | Reached skill level 5 in Spellcasting
  6669 | D:7      | Reached skill level 5 in Evocations
  6669 | D:7      | Reached XP level 10. HP: 71/81 MP: 17/17
  6783 | D:7      | Noticed Prince Ribbit
  6807 | D:7      | Killed Prince Ribbit
  6902 | D:7      | Learned a level 1 spell: Slow
  6966 | D:7      | Found a staircase to the Ecumenical Temple.
  7022 | D:7      | Found Ygunn's Antique Weapon Shop.
  7056 | D:7      | Killed an unseen horror
  7460 | Temple   | Entered the Ecumenical Temple
  7595 | Temple   | Became a worshipper of Warmaster Okawaru
  8185 | D:8      | Noticed Pikel
  8211 | D:8      | Killed Pikel
  8211 | D:8      | Reached * piety under Okawaru
  8278 | D:8      | Noticed Maurice
  8301 | D:8      | Killed Maurice
  8333 | D:8      | Noticed a two-headed ogre
  8343 | D:8      | Killed a two-headed ogre
  8343 | D:8      | Reached ** piety under Okawaru
  8483 | D:8      | Reached skill level 5 in Conjurations
  8483 | D:8      | Reached skill level 5 in Hexes
  8483 | D:8      | Reached skill level 5 in Summonings
  8483 | D:8      | Reached skill level 5 in Necromancy
  8483 | D:8      | Reached skill level 5 in Translocations
  8483 | D:8      | Reached skill level 5 in Transmutations
  8483 | D:8      | Reached skill level 5 in Fire Magic
  8483 | D:8      | Reached skill level 5 in Ice Magic
  8483 | D:8      | Reached skill level 5 in Air Magic
  8483 | D:8      | Reached skill level 5 in Earth Magic
  8483 | D:8      | Reached skill level 5 in Poison Magic
  8564 | D:8      | Reached XP level 11. HP: 81/89 MP: 20/20
  8774 | D:9      | Noticed a two-headed ogre
  8786 | D:9      | Killed a two-headed ogre
  8809 | D:9      | Noticed Maggie
  8825 | D:9      | Killed Maggie
  9328 | D:9      | Found a radiant altar of Vehumet.
  9328 | D:9      | Found a white marble altar of Elyvilon.
  9332 | D:9      | Found a sparkling altar of Nemelex Xobeh.
  9335 | D:9      | Found a basalt altar of Yredelemnul.
  9335 | D:9      | Found a shimmering blue altar of Sif Muna.
  9339 | D:9      | Found a hide-covered altar of Uskayaw.
  9342 | D:9      | Found an ancient bone altar of Kikubaaqudgha.
  9528 | D:10     | Entered Level 10 of the Dungeon
  9613 | D:10     | Found a staircase to the Lair.
  9915 | D:10     | Reached *** piety under Okawaru
  9933 | D:10     | Identified the +10 whip "Giantslayer" {heavy, Fly rElec}
 10083 | D:10     | Noticed a two-headed ogre
 10090 | D:10     | Killed a two-headed ogre
 10268 | D:10     | Found a blossoming altar of Fedhas.
 10322 | D:10     | Found a staircase to the Orcish Mines.
 10367 | D:10     | Reached **** piety under Okawaru
 10598 | D:10     | Found a snail-covered altar of Cheibriados.
 10599 | D:10     | Found a shimmering altar of Xom.
 10629 | D:10     | Noticed a two-headed ogre
 10636 | D:10     | Killed a two-headed ogre
 10955 | Lair:1   | Entered Level 1 of the Lair of Beasts
 10982 | D:10     | Received a gift from Okawaru
 11364 | Lair:1   | Received a gift from Okawaru
 11369 | Lair:1   | Reached XP level 12. HP: 20/97 MP: 20/22
 11985 | Lair:1   | Noticed Sonja
 12011 | Abyss:2  | Cast into level 2 of the Abyss (Sonja)
 12150 | Abyss:2  | Noticed a cyan very ugly thing
 12173 | Abyss:2  | Killed a cyan very ugly thing
 12189 | Abyss:2  | Noticed a bone dragon
 12283 | Abyss:2  | Noticed a tentacled monstrosity
 12296 | Abyss:2  | Noticed a thrashing horror
 12310 | Abyss:2  | Killed a thrashing horror
 12311 | Abyss:2  | Reached skill level 10 in Fighting
 12311 | Abyss:2  | Reached skill level 10 in Armour
 12311 | Abyss:2  | Reached skill level 10 in Shields
 12351 | Lair:1   | Escaped the Abyss
 12372 | Lair:1   | Sonja changed into Sonja the fire bat
 12372 | Lair:1   | Noticed Sonja
 12373 | Lair:1   | Killed Sonja the fire bat
 13028 | Lair:2   | Noticed a seven-headed hydra
 13033 | Lair:2   | Killed a seven-headed hydra
 13523 | Lair:2   | Found a hole to the Spider Nest.
 13540 | Lair:2   | Received a gift from Okawaru
 13923 | Lair:2   | Received a gift from Okawaru
 13958 | Lair:2   | Found a staircase to the Shoals.
 14385 | Lair:2   | Identified the +5 bardiche of the Mashing Gods {freeze,
                  | Will+++ Dex+3}
 14831 | Lair:3   | Reached ***** piety under Okawaru
 14836 | Lair:3   | Reached XP level 13. HP: 64/104 MP: 25/25
 15047 | Lair:3   | You are sucked into a shaft and drop 1 floor!
 15048 | Lair:4   | Identified the +8 plate armour "Zueh" {Will+ Str+4 Stlth+}
 15160 | Lair:4   | Learned a level 3 spell: Confusing Touch
 15400 | Lair:4   | Noticed Kirke
 15463 | Lair:4   | Killed Kirke
 15622 | Lair:4   | Identified the +7 war axe of Valiance {freeze, +Blink
                  | rCorr}
 15720 | Lair:4   | Found a staircase to the Slime Pits.
 15802 | Lair:4   | Identified the +10 chain mail "Xotrosur" {SInv} (Okawaru
                  | gifted it to you on level 4 of the Lair of Beasts)
 15802 | Lair:4   | Received a gift from Okawaru
 15888 | Lair:4   | Reached skill level 10 in Maces & Flails
 16257 | Lair:5   | Entered Level 5 of the Lair of Beasts
 16433 | Lair:5   | Found a dark tunnel.
 16651 | Lair:5   | Reached ****** piety under Okawaru
 16688 | Lair:5   | Reached skill level 10 in Invocations
 16688 | Lair:5   | Reached XP level 14. HP: 27/113 MP: 27/27
 17036 | Lair:5   | Found an ancient bone altar of Kikubaaqudgha.
 17781 | Lair:5   | Found a runed translucent door.
 17806 | Lair:5   | Paralysed by a hornet for 1 turns
 18285 | Lair:5   | Received a gift from Okawaru
 19095 | Lair:5   | Received a gift from Okawaru
 19346 | Lair:5   | Learned a level 1 spell: Apportation
 19801 | Orc:1    | Entered Level 1 of the Orcish Mines
 19830 | Orc:1    | Noticed Peyreg's ghost (journeyman HOFi)
 19831 | Orc:1    | Found a runed translucent gate.
 19848 | Orc:1    | Found a runed translucent gate.
 19848 | Orc:1    | Found a runed translucent gate.
 19944 | Orc:1    | Noticed Erolcha
 19955 | Orc:1    | Killed Erolcha
 20070 | Orc:1    | Noticed Erica
 20079 | Orc:1    | Killed Erica
 20116 | Orc:1    | Found Ehi Itwi's Magic Scroll Shop.
 20127 | Orc:1    | Bought a scroll of fog for 48 gold pieces
 20127 | Orc:1    | Bought a scroll of immolation for 48 gold pieces
 20127 | Orc:1    | Bought a scroll of identify for 24 gold pieces
 20127 | Orc:1    | Bought a scroll of poison for 48 gold pieces
 20127 | Orc:1    | Bought a scroll of identify for 24 gold pieces
 20127 | Orc:1    | Bought a scroll of identify for 24 gold pieces
 20127 | Orc:1    | Bought a scroll of identify for 24 gold pieces
 20561 | Orc:1    | Identified the +0 plate armour of the Constellations {rC+
                  | Int+3}
 20561 | Orc:1    | Noticed an orc warlord
 20608 | Orc:2    | Entered Level 2 of the Orcish Mines
 20608 | Orc:2    | Found Nulyemeo's Assorted Antiques.
 21128 | Arena    | Entered the Arena
 21160 | Orc:1    | Slain by an ogre

Illustrated notes

Levels and vault maps discovered:
D:1:      nzn_arrival_water_spiral, layout_loops_cross, hangedman_decor_points,
          minmay_vboxes
D:2:      layout_rooms, basic_altar, hangedman_decor_growths
D:3:      wad_river_or_something, layout_basic, general_overflow_altar,
          nicolae_wu_jian_wuxing_cycle, kennysheep_jessica_study, uniq_terence
D:4:      layout_cave_pods, supply_closet_lemuel, cheibrodos_gnoll_hut
D:5:      layout_layer_cave, uniq_blork_the_orc, uniq_ijyb
D:6:      minmay_opposing_rooms, layout_loops_ring, grunt_gozag_statues
D:7:      cheibrodos_fzero, layout_basic, minmay_temple_entry_grid,
          serial_shops, nicolae_take_the_stairs, uniq_prince_ribbit1
D:8:      layout_loops_ring, uniq_maurice, uniq_pikel
D:9:      layout_roguey, nicolae_overflow_hallway_of_the_gods, hex_tiny,
          nicolae_concentric_dashed_squares_wild, hangedman_decor_lopped,
          uniq_maggie
D:10:     layout_irregular_city, amcnicky_altar_gilded,
          nicolae_overflow_hidden_temple, dpeg_oklobed_lair,
          kennysheep_orc_monster_closet_entryway
Temple:   hellmonk_temple_beads
Lair:1:   layout_cave_pods, serial_rivers, chequers_serial_rivers_small_3,
          chequers_serial_rivers_micro_a, chequers_serial_rivers_marsh,
          chequers_serial_rivers_room_b, chequers_serial_rivers_small_b,
          uniq_sonja
Lair:2:   layout_roguey, minmay_shoals_entry_centaurs,
          nicolae_spider_entry_tight_spaces, minmay_lair_oklob_items
Lair:3:   layout_gridlike, nicolae_lair_lil_pond,
          nicolae_lair_grove_arrangements, uniq_amaemon
Lair:4:   layout_roguey, nicolae_slime_entry_slimehenge, beast_lair_carwin_1,
          uniq_kirke
Lair:5:   wormcave, layout_loops_ring, basic_altar, enter_volcano_3
Orc:1:    layout_caves, basic_altar, biasface_ghost_orc_armoury, serial_shops,
          nicolae_square_shop, uniq_erolcha, uniq_erica
Orc:2:    st_orc_open, layout_caves, basic_altar, serial_shops, shop

Skill      XL: |  1  2  3  4  5  6  7  8  9 10 11 12 13 14 |
---------------+-------------------------------------------+-----
Invocations    | 1 2 3 4 5 6 7 8 10 | 10.7
Short Blades   | 1 2 3 5 6 7 8 9 |  9.8
Long Blades    | 1 2 3 5 6 7 8 9 |  9.8
Axes           | 1 2 3 5 6 7 8 9 |  9.8
Polearms       | 1 2 3 5 6 7 8 9 |  9.8
Staves         | 1 2 3 5 6 7 8 9 |  9.8
Ranged Weapons | 1 2 3 5 6 7 8 9 |  9.8
Throwing       | 1 2 3 5 6 7 8 9 |  9.8
Dodging        | 1 2 3 5 6 7 8 9 |  9.8
Stealth        | 1 2 3 5 6 7 8 9 |  9.8
Unarmed Combat | 1 2 3 5 6 7 8 9 |  9.8
Spellcasting   | 1 2 3 5 6 7 8 9 |  9.8
Evocations     | 1 2 3 5 6 7 8 9 |  9.8
Conjurations   | 1 2 3 4 5 6 7 8 |  8.2
Hexes          | 1 2 3 4 5 6 7 8 |  8.2
Summonings     | 1 2 3 4 5 6 7 8 |  8.2
Necromancy     | 1 2 3 4 5 6 7 8 |  8.2
Translocations | 1 2 3 4 5 6 7 8 |  8.2
Transmutations | 1 2 3 4 5 6 7 8 |  8.2
Fire Magic     | 1 2 3 4 5 6 7 8 |  8.2
Ice Magic      | 1 2 3 4 5 6 7 8 |  8.2
Air Magic      | 1 2 3 4 5 6 7 8 |  8.2
Earth Magic    | 1 2 3 4 5 6 7 8 |  8.2
Poison Magic   | 1 2 3 4 5 6 7 8 |  8.2
Maces & Flails | 5 6 7 8 9 10 | 10.8
Fighting       | 7 8 9 10 11 | 11.7
Armour         | 7 8 9 10 11 | 11.7
Shields        | 7 8 9 10 11 | 11.7

Action                   |  1- 3 |  4- 6 |  7- 9 | 10-12 | 13-15 || total
-------------------------+-------+-------+-------+-------+-------++-------
Melee: Flail             |   136 |   130 |       |       |       ||   266
       Bite              |    11 |    18 |    46 |    72 |    99 ||   246
       Whip              |       |    62 |   120 |   302 |   642 ||  1126
       Spear             |       |       |   240 |   287 |       ||   527
       Unarmed           |       |       |    17 |    10 |       ||    27
Throw: Boomerang         |       |       |       |   137 |       ||   137
       Javelin           |       |       |       |     9 |    26 ||    35
 Cast: Apportation       |       |       |       |       |     7 ||     7
Invok: Heroism           |       |       |       |     6 |     5 ||    11
       Finesse           |       |       |       |     1 |     4 ||     5
       Duel              |       |       |       |       |     1 ||     1
Evoke: Wand              |       |     2 |     5 |    15 |       ||    22
  Use: Scroll            |       |     3 |       |     3 |     8 ||    14
       Potion            |       |       |       |       |     1 ||     1
 Stab: Sleeping          |       |       |       |     4 |       ||     4
       Confused          |       |       |       |     1 |       ||     1
Armor: Scale mail        |    62 |    71 |    54 |       |       ||   187
       Chain mail        |       |       |   104 |   127 |       ||   231
       Steam dragon scal |       |       |       |    79 |     2 ||    81
       Skin              |       |       |       |     2 |       ||     2
       Plate armour      |       |       |       |       |   340 ||   340
Dodge: Dodged            |    72 |    75 |   119 |   231 |   275 ||   772
Block: Buckler           |    57 |   115 |   166 |   237 |   369 ||   944
       Reflection        |       |     8 |     7 |    11 |     5 ||    31
       Other             |       |       |     5 |     1 |       ||     6

Table legend: (Time is in decaauts)
 A = Elapsed time spent in this place.
 B = Non-inter-level travel time spent in this place.
 C = Inter-level travel time spent in this place.
 D = Time resting spent in this place.
 E = Time spent auto-exploring this place.
 F = Levels seen in this place.
 G = Mean time per level.
                   A        B        C        D        E       F      G
               +--------+--------+--------+--------+--------+-----+--------+
         Total |  21057 |  20200 |    857 |   5444 |  10593 |  20 | 1052.8 |
       Dungeon |  11239 |  10645 |    594 |   2117 |   6216 |  10 | 1123.9 |
        Temple |    178 |    102 |     76 |      0 |     92 |   1 |  178.0 |
          Lair |   7980 |   7824 |    156 |   2889 |   3560 |   5 | 1596.0 |
  Orcish Mines |   1302 |   1272 |     30 |    304 |    725 |   2 |  651.0 |
         Abyss |    331 |    331 |      0 |    116 |      0 |   1 |  331.0 |
         Arena |     25 |     25 |      0 |     17 |      0 |   1 |   25.0 |
               +--------+--------+--------+--------+--------+-----+--------+

Top non-repeatable levels by time:
  Lair:5: 3456 daAuts
    D:10: 1746 daAuts
  Lair:2: 1713 daAuts
     D:5: 1535 daAuts
     D:4: 1504 daAuts
  Lair:1: 1334 daAuts
   Orc:1: 1282 daAuts
  Lair:4: 1162 daAuts
     D:6: 1158 daAuts
     D:8: 1091 daAuts
     D:3: 948 daAuts
     D:9: 868 daAuts
     D:7: 860 daAuts
     D:1: 787 daAuts
     D:2: 738 daAuts
